 Dungeon Crawl Stone Soup version 0.19-a0-831-gce7da8b (webtiles) character file.

5884 4thArraOfDagon the Cleaver (level 10, -2/91 HPs)
             Began as a Hill Orc Monk on June 30, 2016.
             Was an Elder of the Shining One.
             Slain by Snorg (3 damage)
             ... on level 12 of the Dungeon.
             The game lasted 00:20:44 (3300 turns).

4thArraOfDagon the Cleaver (Hill Orc Monk)          Turns: 3300, Time: 00:20:45

Health: -2/91      AC: 22    Str: 15    XL:     10   Next: 82%
Magic:  13/16      EV:  1    Int: 13    God:    the Shining One [****..]
Gold:   319        SH:  0    Dex: 15    Spells: 0 memorised, 9 levels left

rFire  . . .     SeeInvis .     n - +0 battleaxe (protect)
rCold  . . .     Gourm    .     d - +0 plate armour
rNeg   + + .     Faith    .     (shield currently unavailable)
rPois  .         Spirit   .     (helmet restricted)
rElec  .         Dismiss  .     h - +0 cloak
rCorr  .         Reflect  .     (no gloves)
SustAt .         Harm     .     (no boots)
MR     .....                    (no amulet)
Stlth  ..........               b - +3 ring of protection
                                l - ring of flight

@: glowing, not resistant to hostile enchantments, extremely unstealthy
A: hooves 1, horns 1, agile 1
a: Divine Shield, Cleansing Flame, Renounce Religion, Evoke Flight


You were on level 12 of the Dungeon.
You worshipped the Shining One.
The Shining One was greatly pleased with you.
You were not hungry.

You visited 1 branch of the dungeon, and saw 12 of its levels.

You collected 319 gold pieces.

Inventory:

Hand Weapons
 a - a +0 hand axe
 n - a +0 battleaxe of protection (weapon)
Armour
 d - a +0 plate armour (worn)
 h - a +0 cloak (worn)
Jewellery
 b - a +3 ring of protection (right hand)
 l - a ring of flight (left hand)
Wands
 k - a wand of iceblast (3/15)
 o - a wand of iceblast (9/15)
 p - a wand of digging (4/24)
Scrolls
 e - a scroll of enchant weapon {unknown}
 f - 2 scrolls of fear
 g - a scroll of remove curse
 i - a scroll of teleportation
 q - a scroll of noise
 s - a scroll of identify
Potions
 j - a potion of haste
 m - a potion of might
Comestibles
 c - 5 bread rations
 r - a meat ration


   Skills:
 + Level 9.4 Fighting
 * Level 13.2 Axes
 + Level 7.8 Armour
 - Level 2.4 Dodging
 - Level 1.5 Stealth
 + Level 8.8 Invocations


You had 9 spell levels left.
You didn't know any spells.

Dungeon Overview and Level Annotations

Branches:
Dungeon (12/15)            Temple (0/1) D:5             Orc (0/2) D:10
   Lair: D:8-11

Altars:
Ashenzari
Dithmenos
Fedhas
Okawaru
Uskayaw
Xom
Yredelemnul
The Shining One

Shops:
D:9 [

Annotations:
D:4 1 runed door
D:5 Amnesiac's ghost, novice DEWz
D:12 Azrael; Snorg


Innate Abilities, Weirdness & Mutations

You have large cloven feet.
You have a pair of small horns on your head.
You are agile. (Dex +2)


Message History

Level annotation: Azrael An adder, a crocodile, 2 orcs, a centaur, a shadow imp and Snorg come into view.
Snorg shouts!
The orc wizard shouts!
The orc shouts!
The adder hisses angrily.
The orc shouts!
The centaur shouts!
The centaur wields a shortbow.
The centaur shoots an arrow.
The arrow hits you.
Snorg goes berserk!
The centaur shoots an arrow.
The arrow hits you.
Found five items.
A giant frog skeleton comes into view.
There is a stone staircase leading up, spattered with blood here.
You see here 2 arrows.
Unknown command.
The shadow imp gestures at you. Pain shoots through your body!
* * * LOW HITPOINT WARNING * * *
Snorg bites you!
* * * LOW HITPOINT WARNING * * *
Snorg claws you!
* * * LOW HITPOINT WARNING * * *
Snorg claws you.
You die...

≈≈≈≈≈≈≈≈≈≈≈≈≈≈≈
≈≈≈≈≈≈≈≈≈≈≈≈≈≈≈
≈≈≈≈≈≈≈≈≈≈≈≈≈≈≈
≈≈≈≈≈≈≈≈≈≈≈≈≈≈≈
≈≈≈≈≈≈≈≈≈≈≈≈≈≈≈
≈≈≈≈≈≈≈≈≈≈≈≈≈≈≈
###############
%...o..@T......
...(...So......
..[t../..o...Z.
...5.c.........
...........[..y
###############
≈≈≈≈≈≈≈≈≈≈≈≈≈≈≈
≈≈≈≈≈≈≈≈≈≈≈≈≈≈≈


You could see Snorg (berserk), a crocodile, a centaur, a killer bee (wandering),
an orc wizard, an adder, a shadow imp, 2 orcs and a giant frog skeleton.

Vanquished Creatures
  A centaur warrior (D:11)
  An unseen horror (D:11)
  A deep elf mage (D:10)
  A cyclops (D:11)
  A wyvern (D:11)
  A fire elemental (D:11)
  A hippogriff (D:11)
  A hell hound (D:11)
  3 ice beasts
  2 black bears
  3 phantoms
  4 centaurs
  An ogre (D:11)
  3 orc warriors (D:10)
  A crocodile (D:7)
  A big kobold (D:7)
  4 giant frogs
  A gnoll sergeant (D:10)
  7 wights
  9 howler monkeys
  2 crimson imps (D:8)
  3 hounds
  3 orc priests
  3 centaur skeletons
  6 orc wizards
  2 worker ants (D:6)
  4 sheep (D:11)
  A hound zombie (D:10)
  A hound skeleton (D:11)
  5 gnolls (D:10)
  A howler monkey skeleton (D:3)
  A river rat (D:11)
  6 adders
  A shadow imp (D:9)
  An ooze (D:5)
  An adder skeleton (D:9)
  A worm (D:3)
  4 giant geckos
  33 orcs
  4 giant cockroaches
  A goblin (D:1)
  3 hobgoblins (D:3)
  6 jackals
  A quokka (D:10)
  A ball python (D:5)
  14 bats
  A giant newt (D:6)
  A jackal zombie (D:6)
  4 kobolds
  A quokka skeleton (D:8)
  10 rats
173 creatures vanquished.

Vanquished Creatures (others)
  4 fungi (D:11)
  A plant (D:11)
5 creatures vanquished.

Grand Total: 178 creatures vanquished

Notes
Turn   | Place    | Note
--------------------------------------------------------------
     0 | D:1      | 4thArraOfDagon the Hill Orc Monk began the quest for the Orb.
     0 | D:1      | Reached XP level 1. HP: 19/19 MP: 1/1
    85 | D:3      | Reached XP level 2. HP: 27/27 MP: 2/2
   211 | D:3      | Found a glowing golden altar of the Shining One.
   214 | D:3      | Noticed an angel
   222 | D:3      | Reached skill level 1 in Armour
   231 | D:3      | Reached XP level 3. HP: 33/33 MP: 3/3
   245 | D:3      | Became a worshipper of the Shining One
   245 | D:3      | Reached * piety under the Shining One
   245 | D:3      | Reached ** piety under the Shining One
   254 | D:3      | Found a basalt altar of Yredelemnul.
   328 | D:3      | Reached skill level 5 in Axes
   368 | D:3      | Found a blossoming altar of Fedhas.
   451 | D:4      | Noticed a human
   452 | D:4      | Found a runed door.
   456 | D:4      | Found a basalt altar of Yredelemnul.
   533 | D:5      | Entered Level 5 of the Dungeon
   537 | D:5      | Gained mutation: You have large cloven feet. [potion of mutation]
   537 | D:5      | Gained mutation: You are agile. (Dex +2) [potion of mutation]
   537 | D:5      | Gained mutation: You have a pair of small horns on your head. [potion of mutation]
   553 | D:5      | Found a staircase to the Ecumenical Temple.
   599 | D:5      | Reached XP level 4. HP: 40/40 MP: 4/4
   605 | D:5      | Noticed Amnesiac's ghost (novice DEWz)
   654 | D:6      | Found a shimmering altar of Xom.
   666 | D:6      | Noticed a centaur
   683 | D:6      | Killed a centaur
   683 | D:6      | Reached skill level 1 in Invocations
   683 | D:6      | Reached XP level 5. HP: 3/47 MP: 4/6
   683 | D:6      | Reached skill level 6 in Axes
   904 | D:6      | Reached skill level 5 in Fighting
   904 | D:6      | Reached XP level 6. HP: 27/56 MP: 7/7
   977 | D:6      | Reached skill level 7 in Axes
  1127 | D:6      | Found an iron altar of Okawaru.
  1129 | D:6      | Found a shadowy altar of Dithmenos.
  1129 | D:6      | Noticed a black bear
  1255 | D:8      | Noticed an ice beast
  1406 | D:8      | Noticed a phantom
  1422 | D:10     | Entered Level 10 of the Dungeon
  1466 | D:11     | Reached XP level 7. HP: 55/61 MP: 9/9
  1475 | D:11     | Noticed a gargoyle
  1842 | D:10     | Reached skill level 8 in Axes
  1892 | D:10     | Reached XP level 8. HP: 40/70 MP: 11/11
  2131 | D:9      | Reached skill level 9 in Axes
  2131 | D:9      | Reached skill level 5 in Invocations
  2142 | D:9      | Found a hide-covered altar of Uskayaw.
  2142 | D:9      | Found a shattered altar of Ashenzari.
  2268 | D:7      | Reached skill level 5 in Armour
  2392 | D:7      | Reached XP level 9. HP: 41/79 MP: 13/13
  2465 | D:8      | Reached skill level 10 in Axes
  2544 | D:8      | Reached *** piety under the Shining One
  2751 | D:9      | Reached skill level 11 in Axes
  2759 | D:9      | Found Zigokeel's Armour Boutique.
  2851 | D:10     | Noticed a deep elf mage
  2856 | D:10     | Killed a deep elf mage
  2859 | D:10     | Found a staircase to the Orcish Mines.
  2874 | D:11     | Noticed a hill giant
  2892 | D:10     | Reached XP level 10. HP: 55/90 MP: 12/15
  3019 | D:11     | Noticed an unseen horror
  3030 | D:11     | Killed an unseen horror
  3030 | D:11     | Reached skill level 12 in Axes
  3100 | D:12     | Noticed a gargoyle
  3100 | D:12     | Noticed a hill giant
  3102 | D:12     | Noticed Azrael
  3130 | D:11     | Noticed an eight-headed hydra
  3174 | D:11     | Noticed a hill giant
  3221 | D:11     | Noticed a cyclops
  3225 | D:11     | Noticed a centaur warrior
  3242 | D:11     | Killed a centaur warrior
  3242 | D:11     | Reached skill level 13 in Axes
  3247 | D:11     | Killed a cyclops
  3287 | D:11     | Noticed a manticore
  3296 | D:11     | Reached **** piety under the Shining One
  3299 | D:12     | Noticed Snorg
  3300 | D:12     | HP: 1/91 [Snorg (10)]
  3300 | D:12     | Slain by Snorg

Vault maps used:
D:1:      eino_arrival_cavern_d, minmay_misc_feat_nine_boxes
D:2:      overflow_temple_1_default, uniq_robin, uniq_jessica
D:3:      grunt_temple_overflow_holy_war, fedhas_altar_1
D:4:      first_bread, dk_yredelemnul_ordeal
D:5:      grunt_temple_overflow_magic_moments
D:6:      grunt_temple_overflow_open, kennysheep_little_box,
          corexii_hall_statues_l
D:7:      marbit_many_paths, the_bakery
D:9:      overflow_temple_1_default, gammafunk_temple_overflow_elements,
          serial_shops, nicolae_shop_behind_doors
D:10:     david_orc_3, minmay_splitting_lines
D:11:     minmay_mutant_horseshoe, grunt_lair_entry_orc_guard_hut,
          minmay_item_behind_shaft
D:12:     basic_altar, uniq_snorg, uniq_azrael

Skill      XL: |  1  2  3  4  5  6  7  8  9 10 |
---------------+-------------------------------+-----
Armour         | 1 2 3 4 5 6 7 |  7.8
Fighting       | 4 5 6 7 8 9 |  9.4
Axes           | 5 6 7 8 9 11 13 | 13.2
Invocations    | 1 2 3 4 5 7 8 |  8.8
Dodging        | |  2.4
Stealth        | |  1.5

Action                   |  1- 3 |  4- 6 |  7- 9 | 10-12 || total
-------------------------+-------+-------+-------+-------++-------
Melee: Hand axe          |    82 |   118 |   170 |       ||   370
       Kick              |     4 |    32 |    89 |    28 ||   153
       Headbutt          |     1 |    21 |    64 |    30 ||   116
       Battleaxe         |       |       |   158 |   102 ||   260
Invok: Divine Shield     |       |     2 |    10 |     2 ||    14
Evoke: Wand              |       |       |       |     3 ||     3
  Use: Scroll            |     4 |     6 |     4 |     3 ||    17
       Potion            |     2 |     2 |       |       ||     4
  Eat: Pizza             |     2 |       |       |       ||     2
       Beef jerky        |     1 |       |     2 |       ||     3
       Fruit             |       |     2 |       |       ||     2
       Chunk             |       |       |       |     2 ||     2
Armor: Plate armour      |   155 |   101 |   204 |   105 ||   565
       Robe              |     1 |       |       |       ||     1
       Skin              |    43 |       |       |       ||    43
Dodge: Dodged            |    26 |    42 |    60 |    36 ||   164
Block: Other             |       |    10 |    57 |    29 ||    96
